 Dungeon Crawl Stone Soup version 0.15.2 (webtiles) character file.

3265 Furman the Infuser (level 10, -3/56 HPs)
             Began as an Octopode Conjurer on Dec 21, 2014.
             Was a Follower of Vehumet.
             Slain by a hog (10 damage)
             ... on Level 7 of the Dungeon.
             The game lasted 00:39:07 (9276 turns).

Furman the Infuser (Octopode Conjurer)              Turns: 9276, Time: 00:39:07

HP  -3/56        AC  1     Str 10      XL: 10   Next:  0%
MP   1/21        EV 12     Int 21      God: Vehumet [*.....]
Gold 157         SH  0     Dex 12      Spells:  4 memorised,  5 levels left

rFire  . . .     SeeInvis .     k - +1 spear (drain)
rCold  . . .     Clarity  .     (no shield)
rNeg   . . .     rCorr    .     (helmet restricted)
rPois  .         rRot     .     (no amulet)
rElec  .         Spirit   .     q - +2 ring of strength
SustAb .         Warding  .     (no ring)
rMut   .         Stasis   .     (no ring)
Gourm  .                        (no ring)
MR     .....                    (no ring)
                                (no ring)
                                (no ring)
                                (no ring)

@: very slightly contaminated, not resistant to hostile enchantments, fairly
stealthy
A: almost no armour, amphibious, 8 rings, constrict 8, camouflage 1, gelatinous
body 1
a: Renounce Religion


You were on level 7 of the Dungeon.
You worshipped Vehumet.
Vehumet was aware of your devotion.
You were not hungry.

You visited 2 branches of the dungeon, and saw 8 of its levels.

You collected 213 gold pieces.
You spent 56 gold pieces at shops.

Inventory:

Hand weapons
 k - a +1 spear of draining (weapon)
 r - a +3 hunting sling
 w - a +0 scythe of venom
 y - a +1 flail of holy wrath
Magical devices
 x - a wand of teleportation (2)
Comestibles
 b - 3 bread rations
 f - 4 meat rations
Scrolls
 g - 2 scrolls of enchant weapon
 j - a scroll of teleportation {unknown}
 m - a scroll of amnesia
 o - 4 scrolls of fog
 p - a scroll of recharging
 s - a scroll of magic mapping
 v - a scroll of immolation {unknown}
 B - 2 scrolls of identify
Jewellery
 n - an uncursed ring of sustain abilities {unknown}
 q - a +2 ring of strength (left tentacle)
 u - a +3 ring of dexterity {unknown}
Potions
 d - a potion of cancellation
 e - 2 potions of agility {unknown}
 i - a potion of invisibility
 l - 2 potions of brilliance
 t - a potion of cure mutation
 A - a potion of might {unknown}
Books
 c - a book of Conjurations

   Spells                             Type                      Level
   *Magic Dart                        Conjuration                  1
   *Searing Ray                       Conjuration                  2
   Dazzling Spray                     Conjuration/Hexes            3
   Fulminant Prism                    Conjuration/Hexes            4
   *Iskenderun's Mystic Blast         Conjuration                  4
   *Iskenderun's Battlesphere         Conjuration/Charms           5


   Skills:
 - Level 2.0 Dodging
 - Level 2.6 Stealth
 + Level 4.2 Spellcasting
 + Level 9.3 Conjurations
 - Level 10.0 Charms


You had 5 spell levels left.
You knew the following spells:

 Your Spells              Type           Power        Failure   Level  Hunger
a - Magic Dart            Conj           ####         1%          1    None
b - Searing Ray           Conj           #####.       1%          2    #......
c - Iskenderun's Mystic   Conj           #####...     2%          4    ####...
d - Iskenderun's Battles  Conj/Chrm      #####...     8%          5    #####..


Dungeon Overview and Level Annotations

Branches:
Dungeon (7/15)             Temple (1/1) D:6

Altars:
Ashenzari
Cheibriados
Dithmenos
Elyvilon
Fedhas
Kikubaaqudgha
Makhleb
Okawaru
Sif Muna
Trog
Vehumet
Xom
Yredelemnul

Shops:
D:5 *


Innate Abilities, Weirdness & Mutations

You cannot wear most types of armour.
You are amphibious.
You can wear up to eight rings at the same time.
You can use your tentacles to constrict many enemies at once.
Your skin changes colour to match your surroundings (Stealth).
Your rubbery body absorbs attacks (AC +1).


Message History

* * * LOW HITPOINT WARNING * * *
Drink which item? (? for menu, Esc to quit)
You feel better. The human hits you with a hand axe.
* * * LOW HITPOINT WARNING * * *
Casting: Iskenderun's Mystic Blast
Confirm with . or Enter, or press ? or * to list all spells.
Aiming: Searing Ray
Press: ? - help, Shift-Dir - straight line, f - sheep, p - hog
Aim: a sheep The searing ray hits the human.
You kill the human!
Vehumet accepts your kill.
You have reached level 10!
You feel stronger.
The searing ray hits the hog.
The hog is severely wounded.
The hog bites you.
* * * LOW HITPOINT WARNING * * *
The hog bites you!
You die...

#................# #.
#....#.##...#..## #.
##.[##.###.##..# #.
#.........##..##########.
##.##....(...............
#.######.##..##########.
#.#### #.##..# #.
#######.###<##..# #.
#%%...'.Yh@.....# #.
#%....#.###.###.##########[
###'##### #.# #............
#..Y.. #.##############.
#..... #.......# #. ######
#######.# #. #.# #. #.# ##
#.#


You could see a hog and a sheep.

Vanquished Creatures
  Grinder (D:5)
  A human (D:7)
  Edmund (D:5)
  An ice beast (D:6)
  A phantom (D:4)
  3 sky beasts
  A necrophage (D:5)
  A centaur (D:6)
  2 ogres
  Sigmund (D:5)
  4 giant frogs
  A big kobold (D:7)
  A jelly (D:6)
  2 scorpions
  4 killer bees (D:7)
  5 wights (D:7)
  2 quasits
  A goliath beetle (D:6)
  A giant frog zombie (D:6)
  3 centaur zombies
  2 crimson imps (D:7)
  3 worker ants
  3 hounds (D:5)
  3 iguanas
  Natasha (D:3)
  A giant frog skeleton (D:5)
  2 orc wizards
  2 sheep (D:7)
  Ijyb (D:5)
  An ogre skeleton (D:5)
  A hound skeleton (D:5)
  12 adders
  2 gnolls (D:3)
  2 orc zombies (D:5)
  A giant mite (D:5)
  3 adder zombies
  2 oozes
  8 orcs
  4 ball pythons
  12 bats
  5 giant cockroaches
  20 goblins
  11 hobgoblins
  7 jackals
  9 quokkas
  2 giant geckos
  4 giant newts
  A hobgoblin zombie (D:6)
  23 kobolds
  2 kobold zombies (D:5)
  A quokka zombie (D:5)
  13 rats
  A rat skeleton (D:5)
202 creatures vanquished.

Vanquished Creatures (others)
  A human (D:5)
1 creature vanquished.

Grand Total: 203 creatures vanquished

Notes
Turn   | Place    | Note
--------------------------------------------------------------
     0 | D:1      | Furman, the Octopode Conjurer, began the quest for the Orb.
     0 | D:1      | Reached XP level 1. HP: 11/11 MP: 3/3
     0 | D:1      | Noticed a centaur skeleton
     3 | D:1      | Noticed an elf skeleton
    13 | D:1      | Noticed a merfolk skeleton
    14 | D:1      | Noticed a minotaur skeleton
    14 | D:1      | Noticed a draconian skeleton
    18 | D:1      | Noticed a draconian skeleton
   332 | D:1      | Reached XP level 2. HP: 17/17 MP: 2/4
   336 | D:1      | Learned a level 2 spell: Searing Ray
  1209 | D:2      | Reached skill level 5 in Conjurations
  1209 | D:2      | Reached XP level 3. HP: 21/21 MP: 1/6
  1593 | D:2      | Reached XP level 4. HP: 27/27 MP: 1/7
  1931 | D:2      | Learned a level 4 spell: Iskenderun's Mystic Blast
  2087 | D:2      | Reached skill level 6 in Conjurations
  2343 | D:3      | Found a blossoming altar of Fedhas.
  2547 | D:3      | Found an iron altar of Okawaru.
  2549 | D:3      | Found a white marble altar of Elyvilon.
  2552 | D:3      | Found a snail-covered altar of Cheibriados.
  2581 | D:3      | Reached XP level 5. HP: 31/31 MP: 0/9
  2674 | D:3      | Found a shattered altar of Ashenzari.
  3121 | D:3      | Noticed Natasha
  3126 | D:3      | Killed Natasha
  3600 | D:4      | Reached skill level 7 in Conjurations
  3600 | D:4      | Reached XP level 6. HP: 36/36 MP: 2/10
  3687 | D:4      | Found a basalt altar of Yredelemnul.
  3879 | D:4      | Found a shimmering altar of Xom.
  3979 | D:4      | Noticed a phantom
  3994 | D:4      | Killed a phantom
  4390 | D:4      | Reached XP level 7. HP: 41/41 MP: 7/17
  4450 | D:4      | Learned a level 5 spell: Iskenderun's Battlesphere
  4548 | D:5      | Entered Level 5 of the Dungeon
  4580 | D:5      | Reached skill level 1 in Charms
  4850 | D:5      | Noticed Edmund
  5011 | D:5      | Noticed Sigmund
  5014 | D:5      | Reached skill level 8 in Conjurations
  5199 | D:5      | Killed Sigmund
  5363 | D:5      | Noticed Ijyb
  5369 | D:5      | Killed Ijyb
  5395 | D:5      | Killed Edmund
  5395 | D:5      | Reached XP level 8. HP: 39/46 MP: 5/18
  5665 | D:5      | Reached skill level 9 in Conjurations
  5800 | D:5      | Found a burning altar of Makhleb.
  5836 | D:5      | Found Frow's General Store.
  5840 | D:5      | Bought a potion of heal wounds for 42 gold pieces
  5840 | D:5      | Bought a potion of confusion for 14 gold pieces
  5904 | D:5      | Noticed Grinder
  5910 | D:5      | Killed Grinder
  5911 | D:5      | Reached skill level 5 in Charms
  6069 | D:5      | Found an ancient bone altar of Kikubaaqudgha.
  6070 | D:5      | Noticed a human
  6072 | D:5      | Killed a human
  6369 | D:6      | Found a staircase to the Ecumenical Temple.
  6383 | Temple   | Entered the Ecumenical Temple
  6397 | Temple   | Became a worshipper of Vehumet
  6436 | D:6      | Reached XP level 9. HP: 14/51 MP: 2/19
  6734 | D:6      | Found a bloodstained altar of Trog.
  8559 | D:7      | Acquired Vehumet's first power
  8559 | D:7      | Offered knowledge of Sting by Vehumet.
  9043 | D:7      | Reached skill level 10 in Charms
  9273 | D:7      | HP: 2/51 [human/hand axe (10)]
  9275 | D:7      | Reached XP level 10. HP: 8/56 MP: 1/21
  9276 | D:7      | Slain by a hog

Action                   |  1- 3 |  4- 6 |  7- 9 | 10-12 || total
-------------------------+-------+-------+-------+-------++-------
Melee: Unarmed           |     2 |       |       |       ||     2
       Spear             |     6 |    11 |    42 |       ||    59
 Cast: Magic Dart        |    53 |   132 |   163 |       ||   348
       Searing Ray       |     3 |     9 |    35 |     1 ||    48
       Iskenderun's Myst |       |       |    21 |       ||    21
       Iskenderun's Batt |       |       |     3 |       ||     3
Evoke: Wand              |       |       |     3 |       ||     3
  Use: Scroll            |       |    12 |     4 |       ||    16
       Potion            |       |       |     3 |       ||     3
 Stab: Sleeping          |       |       |     1 |       ||     1
  Eat: Chunk             |     3 |    10 |    11 |       ||    24
       Fruit             |       |       |     5 |       ||     5
       Bread ration      |       |       |     1 |       ||     1
       Beef jerky        |       |       |     1 |       ||     1
